 Dungeon Crawl Stone Soup version 0.22.1-5-g62c59d9 (webtiles) character file.

15840 HoaS the Grappler (level 12, -1/115 HPs)
             Began as a Gargoyle Berserker on Jan 6, 2019.
             Was a High Priest of Trog.
             Slain by a sixfirhy (3 damage)
             ... summoned by a kobold demonologist
             ... on level 11 of the Dungeon on Jan 13, 2019.
             The game lasted 00:36:30 (12779 turns).

HoaS the Grappler (Gargoyle Berserker)             Turns: 12779, Time: 00:36:30

Health: -1/115     AC: -14   Str: 32    XL:     12   Next: 31%
Magic:  0/12       EV: 12    Int:  8    God:    Trog [*****.]
Gold:   656        SH:  0    Dex: 13    Spells: 11/11 levels left

rFire    . . .     SeeInvis +     - Unarmed
rCold    . . .     Gourm    .   (no shield)
rNeg     + . .     Faith    .   w - +0 plate armour
rPois    ∞         Spirit   +   D - +2 helmet
rElec    +         Reflect  .   o - +0 cloak
rCorr    .         Harm     .   (no gloves)
MR       .....                  a - +0 pair of boots {Stlth+}
Stlth    ..........             h - amulet of guardian spirit
HPRegen  0.29/turn              k - ring of see invisible (curse)
MPRegen  0.13/turn              n - +5 ring of strength

@: berserking, corroded, very quick
A: negative energy resistance 1, electricity resistance, unbreathing,
petrification resistance, rot immunity, AC +8
a: Berserk, Trog's Hand, Brothers in Arms, Renounce Religion


You were on level 11 of the Dungeon.
You worshipped Trog.
Trog was extremely pleased with you.
You were not hungry.

You visited 1 branch of the dungeon, and saw 11 of its levels.

You collected 843 gold pieces.
You spent 187 gold pieces at shops.

Inventory:

Armour
 a - a +0 pair of boots of stealth (worn)
 o - a +0 cloak (worn)
 w - a +0 plate armour (worn)
 D - a +2 helmet (worn)
Jewellery
 h - an amulet of guardian spirit (around neck)
 k - a cursed ring of see invisible (left hand)
 n - a +5 ring of strength (right hand)
 t - an uncursed ring of protection from cold
 z - an uncursed ring of resist corrosion
Wands
 y - a wand of paralysis (18)
 A - a wand of enslavement (12)
Scrolls
 e - 4 scrolls of magic mapping
 m - 4 scrolls of remove curse
 p - 6 scrolls of blinking
 s - 9 scrolls of teleportation
Potions
 c - 3 potions of haste
 d - 5 potions of lignification
 f - 4 potions of agility
 g - 4 potions of heal wounds
 j - 5 potions of might
 l - 5 potions of curing
 q - 3 potions of berserk rage {unknown}
 u - a potion of flight {unknown}
 v - a potion of degeneration {unknown}
 x - a potion of brilliance {unknown}
 B - a potion of ambrosia {unknown}
 C - a potion of resistance {unknown}
 E - 2 potions of cancellation {unknown}
 F - a potion of invisibility {unknown}
Comestibles
 b - 22 rations


   Skills:
 + Level 10.2 Fighting
 + Level 10.0 Armour
 + Level 7.6 Dodging
 * Level 12.6 Unarmed Combat


You had 11 spell levels left.
You didn't know any spells.
Your spell library was empty.

Dungeon Overview and Level Annotations

Branches:
Dungeon (11/15)            Temple (0/1) D:7            Lair (0/6) D:9
    Orc (0/2) D:10

Altars:
Ashenzari
Elyvilon
Fedhas
Okawaru
Qazlal
Trog
Xom

Shops:
D:4 ?   D:10 [


Innate Abilities, Weirdness & Mutations

You are resistant to torment.
Your stone body is resilient. (AC +8)
You are immune to poison.
You resist negative energy. (rN+)
You are resistant to electric shocks. (rElec)
You can survive without breathing.
You are immune to petrification.
You are immune to rotting.


Message History

You hit the rust devil but do no damage.
Your punch misses the rust devil.
The rust devil is almost dead.
The rust devil disappears in a puff of smoke!
The kobold demonologist begins to cast a cantrip, but forgets the words!
A red film seems to cover your vision as you go berserk!
You feel yourself moving faster!
You feel mighty!
You feel a lot more hungry.
The kobold demonologist gestures wildly while chanting.
You hear a shout! x2
You barely miss the kobold demonologist.
You hear a shout! x2
The kobold demonologist mumbles some strange words.
You miss the kobold demonologist. The sixfirhy closely misses you.
You hit the kobold demonologist.
You punch the kobold demonologist, but do no damage.
The kobold demonologist is lightly wounded.
The sixfirhy hits you!
* * * LOW HITPOINT WARNING * * *
The sixfirhy shocks you. You resist.
You die...

### ######## ..# #.......
#.# #)###### # #.#####.#
#5#####.#....(#
#KK@3........(###
#######.......(.####
#>........'...
#.........####
#.........# #.........#
#.........#
############.........####
#............###.##......


You could see a kobold demonologist, a sixfirhy, a shadow imp and a kobold.

Vanquished Creatures
  Snorg (D:11)
  The ghost of buskinjo the Grappler, a journeyman DrTm of Sif Muna (D:10)
  2 two-headed ogres
  A dancing weapon (D:10)
  The ghost of TheAlmogaver the Thaumaturge, a novice GnWz of Ashenzari (D:6)
  2 ugly things (D:11)
  A manticore (D:11)
  2 trolls (D:11)
  A hornet (D:11)
  Grinder (D:3)
  3 hippogriffs
  4 hogs (D:10)
  20 yaks
  A human (D:10)
  A steam dragon (D:11)
  A hungry ghost (D:9)
  2 water moccasins (D:6)
  3 ice beasts
  2 sky beasts
  7 ogres
  8 orc warriors
  6 phantoms
  A necrophage (D:10)
  3 centaurs
  A big kobold (D:8)
  4 bullfrogs
  A gnoll sergeant (D:9)
  A scorpion (D:5)
  2 water moccasin skeletons
  5 wights (D:6)
  6 electric eels
  2 howler monkeys (D:10)
  A bullfrog zombie (D:9)
  4 crimson imps
  2 centaur zombies
  7 hounds
  3 jellies
  5 orc priests
  2 iguanas
  Terence (D:2)
  Natasha (thrice) (D:2)
  14 orc wizards
  8 worker ants
  A killer bee zombie (D:9)
  A hound skeleton (D:5)
  A hound zombie (D:6)
  A howler monkey zombie (D:7)
  8 adders
  12 gnolls
  2 oozes
  An adder zombie (D:5)
  An adder skeleton (D:4)
  3 dart slugs
  9 worms
  5 leopard geckos
  39 orcs
  6 ball pythons
  A giant cockroach (D:1)
  9 goblins
  7 hobgoblins
  10 jackals
  6 quokkas
  9 bats
  6 frilled lizards
  12 kobolds
  A quokka zombie (D:10)
  6 rats
304 creatures vanquished.

Vanquished Creatures (others)
  An orc (D:10)
  A quokka (D:10)
2 creatures vanquished.

Grand Total: 306 creatures vanquished

Notes
Turn   | Place    | Note
-------+----------+-------------------------------------------
     0 | D:1      | HoaS the Gargoyle Berserker began the quest for the Orb.
     0 | D:1      | Reached XP level 1. HP: 14/14 MP: 1/1
    81 | D:1      | Reached XP level 2. HP: 9/19 MP: 2/2
   380 | D:1      | Reached XP level 3. HP: 16/23 MP: 3/3
   439 | D:1      | Reached ** piety under Trog
  1495 | D:2      | Reached XP level 4. HP: 28/29 MP: 4/4
  1855 | D:2      | Noticed Terence
  1862 | D:2      | Killed Terence
  1862 | D:2      | Reached skill level 4 in Unarmed Combat
  2178 | D:3      | Reached XP level 5. HP: 33/33 MP: 5/5
  2293 | D:3      | Found a shimmering altar of Xom.
  2385 | D:3      | Noticed Grinder
  2390 | D:3      | Noticed Natasha
  2437 | D:2      | Killed Natasha
  2548 | D:2      | Noticed Natasha
  2573 | D:2      | Killed Natasha
  2573 | D:2      | Reached *** piety under Trog
  3231 | D:2      | Noticed Natasha
  3239 | D:2      | Killed Natasha
  3239 | D:2      | Reached XP level 6. HP: 35/38 MP: 6/6
  3332 | D:3      | Killed Grinder
  3332 | D:3      | Reached skill level 5 in Unarmed Combat
  3332 | D:3      | Reached XP level 7. HP: 44/44 MP: 7/7
  4027 | D:4      | Found Etiyb's Magic Scroll Boutique.
  4035 | D:4      | Bought a scroll of teleportation for 33 gold pieces
  4035 | D:4      | Bought a scroll of teleportation for 33 gold pieces
  4035 | D:4      | Bought a scroll of teleportation for 33 gold pieces
  4035 | D:4      | Bought a scroll of identify for 22 gold pieces
  4035 | D:4      | Bought a scroll of identify for 22 gold pieces
  4035 | D:4      | Bought a scroll of identify for 22 gold pieces
  4035 | D:4      | Bought a scroll of identify for 22 gold pieces
  4148 | D:4      | Reached skill level 5 in Fighting
  4193 | D:4      | Reached skill level 6 in Unarmed Combat
  4355 | D:4      | Reached XP level 8. HP: 49/49 MP: 8/8
  4390 | D:4      | Noticed a two-headed ogre
  4398 | D:4      | Killed a two-headed ogre
  4398 | D:4      | Reached **** piety under Trog
  4398 | D:4      | Reached skill level 5 in Armour
  4398 | D:4      | Reached skill level 7 in Unarmed Combat
  4875 | D:4      | Upgraded the game from 0.22.1-2-g9c5b331 to
                  | 0.22.1-5-g62c59d9
  4923 | D:5      | Entered Level 5 of the Dungeon
  5049 | D:5      | Reached XP level 9. HP: 47/55 MP: 9/9
  5356 | D:5      | Found an iron altar of Okawaru.
  5357 | D:5      | Found a white marble altar of Elyvilon.
  5393 | D:5      | Reached skill level 8 in Unarmed Combat
  5462 | D:5      | Found a shattered altar of Ashenzari.
  5651 | D:5      | Found a bloodstained altar of Trog.
  5897 | D:5      | Found a blossoming altar of Fedhas.
  6322 | D:6      | Found an iron altar of Okawaru.
  6460 | D:6      | Reached skill level 5 in Dodging
  6573 | D:6      | Reached skill level 9 in Unarmed Combat
  6609 | D:6      | Found a runed gate.
  6609 | D:6      | Found a runed gate.
  6609 | D:6      | Found a runed gate.
  6609 | D:6      | Noticed TheAlmogaver's ghost (novice GnWz)
  6710 | D:6      | Killed TheAlmogaver's ghost
  6710 | D:6      | Reached XP level 10. HP: 43/63 MP: 8/10
  7982 | D:7      | Found a staircase to the Ecumenical Temple.
  8607 | D:8      | Found a stormy altar of Qazlal.
  8688 | D:8      | Reached skill level 10 in Unarmed Combat
  9171 | D:8      | Reached ***** piety under Trog
  9171 | D:8      | Reached XP level 11. HP: 56/69 MP: 9/11
  9679 | D:9      | Reached skill level 11 in Unarmed Combat
  9895 | D:9      | Found a staircase to the Lair.
 10045 | D:9      | Received a gift from Trog
 10507 | D:10     | Entered Level 10 of the Dungeon
 10627 | D:10     | Found a staircase to the Orcish Mines.
 10755 | D:10     | Found Ybuscheng's Antique Armour Emporium.
 10797 | D:10     | Found a runed door.
 10797 | D:10     | Found a shimmering altar of Xom.
 10797 | D:10     | Noticed a flail of chaos
 10797 | D:10     | Noticed buskinjo's ghost (journeyman DrTm)
 11414 | D:10     | Paralysed by a flail of chaos for 3 turns
 11431 | D:10     | Killed a flail of chaos
 11462 | D:10     | Killed buskinjo's ghost
 11568 | D:11     | Reached skill level 12 in Unarmed Combat
 11759 | D:11     | Reached XP level 12. HP: 55/77 MP: 7/12
 11892 | D:11     | Reached skill level 10 in Fighting
 12152 | D:11     | Noticed a two-headed ogre
 12161 | D:11     | Killed a two-headed ogre
 12261 | D:11     | Noticed Snorg
 12285 | D:11     | Killed Snorg
 12708 | D:11     | Reached skill level 10 in Armour
 12779 | D:11     | HP: 2/115 [sixfirhy[a kobold demonologist] (12)]
 12779 | D:11     | Slain by a sixfirhy

Skill      XL: |  1  2  3  4  5  6  7  8  9 10 11 12 |
---------------+-------------------------------------+-----
Dodging        | 2 3 4 5 6 7 |  7.6
Armour         | 3 4 5 7 8 9 10 | 10.0
Unarmed Combat | 4 5 6 7 9 10 12 | 12.6
Fighting       | 4 5 6 7 8 9 10 | 10.2

Action                   |  1- 3 |  4- 6 |  7- 9 | 10-12 || total
-------------------------+-------+-------+-------+-------++-------
Melee: Unarmed           |   164 |   190 |   462 |   797 ||  1613
       Punch             |     5 |     3 |     6 |    33 ||    47
Invok: Berserk           |       |     2 |     2 |     2 ||     6
       Trog's Hand       |       |     2 |     1 |     3 ||     6
  Use: Scroll            |     5 |       |     7 |    13 ||    25
 Stab: Sleeping          |     1 |       |       |       ||     1
  Eat: Chunk             |     2 |     8 |    14 |    18 ||    42
       Ration            |       |       |       |     2 ||     2
Armor: Animal skin       |    54 |       |       |       ||    54
       Leather armour    |       |    11 |       |       ||    11
       Chain mail        |       |    69 |   176 |       ||   245
       Plate armour      |       |       |    70 |   512 ||   582
Dodge: Dodged            |   102 |    91 |   184 |   321 ||   698
